 Dungeon Crawl Stone Soup version 0.23.2-40-g277498a001 (webtiles) character file.

Game seed: 15437463656948612863

231726 Htamos the Slayer (level 18, -6/110 HPs)
             Began as a Felid Berserker on Aug 28, 2019.
             Was an Elder of Trog.
             Mangled by a deep troll (26 damage)
             ... on level 3 of the Depths on Aug 29, 2019.
             The game lasted 03:53:51 (73600 turns).

Htamos the Slayer (Felid Berserker)                Turns: 73600, Time: 03:53:52

Health: -6/110     AC:  3    Str: 13    XL:     18   Next: 80%
Magic:  29/29      EV: 40    Int:  8    God:    Trog [****..]
Gold:   2414       SH:  0    Dex: 28    Spells: 17/17 levels left
                                        Lives:  0   Deaths: 5

rFire    + . .     SeeInvis +     - Unarmed
rCold    + . .     Gourm    .   (shield unavailable)
rNeg     . . .     Faith    +   (armour unavailable)
rPois    .         Spirit   .   (helmet unavailable)
rElec    +         Reflect  .   (cloak unavailable)
rCorr    .         Harm     .   (gloves unavailable)
MR       +....                  (boots unavailable)
Stlth    +++++++++.             f - amulet of faith
HPRegen  0.28/turn              l - ring "Aleki" {rElec rF+ MR- Dex+5 Stlth+}
MPRegen  0.21/turn              T - +5 ring of slaying

@: about to teleport, quick
A: very small, no armour, no weapons or thrown items, stealth, claws 1, fangs 3,
horns 1, see invisible, carnivore, dopey 1, speed 1, robust 1, shaggy fur 3,
slow metabolism 1, subdued magic 1, sharp paws
}: 1/15 runes: serpentine
a: Berserk, Trog's Hand, Brothers in Arms, Renounce Religion


You were on level 3 of the Depths.
You worshipped Trog.
Trog was greatly pleased with you.
You were not hungry.

You visited 7 branches of the dungeon, and saw 37 of its levels.
You visited the Abyss 1 time.
You also visited: Ossuary.

You collected 4493 gold pieces.
You spent 2079 gold pieces at shops.

Inventory:

Jewellery
 e - a +6 ring of dexterity
 f - an amulet of faith (around neck)
 l - the ring "Aleki" (left paw) {rElec rF+ MR- Dex+5 Stlth+}
   (You found it on level 8 of the Dungeon)

   [ring of stealth]

   It affects your dexterity (+5).
   It protects you from fire.
   It insulates you from electricity.
   It affects your resistance to hostile enchantments.
   It makes you more stealthy.
 B - the ring of Starshine {Fire rPois Int+8 Dex-3}
   (You found it on level 3 of the Elven Halls)

   [ring of fire]

   It enhances your fire magic.
   It affects your intelligence (+8).
   It affects your dexterity (-3).
   It protects you from fire.
   It makes you vulnerable to cold.
   It protects you from poison.
 C - an uncursed ring of flight
 E - an uncursed ring of positive energy
 F - an uncursed amulet of rage
 H - the ring of Ekupn {rC+ rN+ Str-2 Int+3 Dex+5 SInv}
   (You took it off a crimson imp on level 8 of the Dungeon)

   [ring of dexterity]

   It affects your strength (-2).
   It affects your intelligence (+3).
   It affects your dexterity (+5).
   It protects you from cold.
   It protects you from negative energy.
   It lets you see invisible.
 I - an uncursed ring of ice
 J - an uncursed ring of resist corrosion
 P - the ring "Nyaxarie" {rPois SInv}
   (You found it on level 8 of the Dungeon)

   [ring of see invisible]

   It protects you from poison.
   It lets you see invisible.
 T - a +5 ring of slaying (right paw)
 W - the ring "Liung" {*Drain rF+ rC+ rN+++ Dex-5}
   (You found it on level 3 of the Elven Halls)

   [ring of protection from cold]

   It affects your dexterity (-5).
   It protects you from fire.
   It protects you from cold.
   It renders you almost immune to negative energy.
   It causes draining when unequipped.
Wands
 d - a wand of paralysis (12)
 v - a wand of iceblast (3)
 z - a wand of flame (131)
 S - a wand of clouds (1)
 V - a wand of random effects (40)
 X - a wand of polymorph (15)
 Z - a wand of scattershot (2)
Scrolls
 b - a scroll of acquirement
 c - 14 scrolls of teleportation
 o - 4 scrolls of fear
 p - 3 scrolls of immolation
 q - 21 scrolls of identify
 u - 4 scrolls of magic mapping
 y - 2 scrolls of fog
 M - 12 scrolls of remove curse
 R - a scroll of torment
Potions
 g - 5 potions of cancellation
 h - 8 potions of ambrosia
 i - 8 potions of berserk rage
 j - 6 potions of lignification
 k - 8 potions of flight
 m - 8 potions of curing
 n - 5 potions of resistance
 r - 9 potions of brilliance
 t - a potion of invisibility
 w - a potion of mutation
 D - 4 potions of haste
 G - 4 potions of agility
 K - 5 potions of magic
 N - 3 potions of might
Miscellaneous
 s - a phantom mirror
 x - 2 sacks of spiders
 A - a lamp of fire
 L - a lamp of fire
 Q - a fan of gales
 U - a phial of floods
 Y - a lightning rod (4/4)
Comestibles
 a - 48 rations


   Skills:
 * Level 22.2 Fighting
 + Level 20.7 Dodging
 + Level 22.0 Stealth
 + Level 16.7 Unarmed Combat
 + Level 14.2 Evocations


You had 17 spell levels left.
You didn't know any spells.
Your spell library was empty.

Dungeon Overview and Level Annotations

Branches:
Dungeon (15/15)            Temple (0/1) D:5            Lair (6/6) D:11
  Swamp (0/4) Lair:3        Snake (4/4) Lair:4        Slime (0/5) Lair:6
    Orc (2/2) D:10            Elf (3/3) Orc:2        Vaults (4/5) D:14
  Crypt (0/3) Vaults:3     Depths (3/5) D:15

Altars:
Ashenzari
Cheibriados
Dithmenos
Fedhas
Kikubaaqudgha
Makhleb
Nemelex Xobeh
Sif Muna
Uskayaw
Wu Jian

Shops:
D:4 [   D:8 [   D:11 *   D:14 :   Orc:1 [   Orc:2 (=?%   Elf:1 [   Snake:2 =(?
Snake:3 (%((%   Vaults:2 :*   Vaults:3 (   Vaults:4 *

Portals:
Hell: Depths:1 Depths:2
Abyss: Depths:3
Pandemonium: Depths:2 Depths:3
Ziggurat: Depths:3

Annotations:
D:9 1 runed translucent door, jerry414's ghost, novice DEFE
D:15 2 runed translucent doors
Lair:6 exclusion: 2 doors
Snake:4 1 exclusion
Orc:1 2 runed translucent doors, exclusion: orange crystal statue
Elf:2 5 runed translucent doors, exclusion: 5 doors
Elf:3 2 exclusions
Depths:1 exclusions: downstairs and 1 more exclusion
Depths:2 exclusions: 2 downstairs and 1 more exclusion
Depths:3 2 runed translucent doors


Innate Abilities, Weirdness & Mutations

You cannot wear armour.
You are incapable of wielding weapons or throwing items.
Your paws allow you to move quietly. (Stealth)
You have sharp claws.
You have razor-sharp teeth.
You have supernaturally acute eyesight. (SInv)
You are carnivorous and can eat meat at any time.
You cover ground quickly.
Your thick and shaggy fur keeps you warm. (AC +3, rC+)
You have a slow metabolism.
Your sharp claws are effective at attacking unaware monsters.
You have a pair of small horns on your head.
You are dopey. (Int -2)
You are robust. (+10% HP)
Your spells are a little easier to cast, but a little less powerful.


Message History

The vampire knight seems to speed up.
The necromancer casts a spell.
The necromancer binds the souls of nearby monsters.
The hell knight points at you and mumbles some strange words.
The bolt of fire hits you!! You resist.
The hell knight gestures at you while chanting.
You easily resist.
The deep troll shaman calls upon its god to strengthen something.
The necromancer gestures at you while chanting.
Your body is wracked with pain!
* * * LOW HITPOINT WARNING * * *
The great orb of eyes turns its gaze towards you.
As you read the scroll of teleportation, it crumbles to dust.
You feel strangely unstable.
The deep troll completely misses you. x2
The deep troll claws you!!
* * * LOW HITPOINT WARNING * * *
The hell knight shouts! x2
Unknown command.
The deep troll completely misses you. The deep troll claws you!!
You die...

.....?.........(...<...........
#
...............G.TT...........#
..............TTT............
..............DT.#....$.......
...............Q###....∩...#.T+.
......."......VT.##.........#.+J
............p...............#.#.
.###.........Tp.T..........p..##
..#...#........p@..............#
.....###.......>....<...........
##...# #......p.................
##[## ##.p.p....#..............
##..p###..C.pp..##......####...p
................##>..#..# p..
##.####P≈............#...# #.#
≈≈≈.#.........##..T# ## P≈≈≈P#
........###....


You could see a frost giant, a tengu reaver, a vampire knight, a swamp dragon
shaped shifter, a great orb of eyes, 5 hell knights, 2 deep trolls, 2 deep troll
earth magi, 2 deep troll shamans and 3 necromancers.

Vanquished Creatures
  Saint Roka (Vaults:2)
  A golden dragon (Depths:1)
  Rupert (D:13)
  2 deep elf master archers (Elf:3)
  A titan (Vaults:4)
  3 liches
  Frances (Snake:2)
  A sphinx (Vaults:4)
  A revenant (Vaults:3)
  Donald (Orc:2)
  7 nagarajas
  An iron dragon (Depths:2)
  4 fire giants
  5 vault wardens
  A frost giant (Depths:2)
  4 deep elf sorcerers (Elf:3)
  Aizul (Snake:1)
  A cacodemon (Depths:2)
  6 deep elf elementalists
  8 stone giants
  9 ironheart preservers
  4 very ugly things
  5 deep elf annihilators
  3 deep elf demonologists (Elf:3)
  A spark wasp (Depths:2)
  A dire elephant (Lair:6)
  9 deep elf death magi
  A spark wasp (shapeshifter) (Vaults:1)
  An eidolon (Vaults:2)
  A merfolk impaler (Depths:2)
  Snorg (Orc:1)
  7 great orbs of eyes
  Josephine (D:15)
  4 fire dragons
  7 yaktaur captains
  3 deep elf high priests (Elf:3)
  6 ettins
  17 ogre magi
  5 ice dragons
  3 rakshasas
  A great orb of eyes (shapeshifter) (Depths:3)
  8 vault guards
  3 hydras
  7 anacondas
  7 naga warriors
  Harold (D:11)
  A satyr (shapeshifter) (Depths:2)
  58 two-headed ogres
  5 centaur warriors
  A deep troll shaman (Vaults:4)
  A queen ant (D:11)
  14 naga sharpshooters
  13 dancing weapons
  A thrashing horror (Abyss:3)
  4 vampire magi
  3 deep troll earth magi
  A shock serpent (Snake:2)
  3 deep elf knights
  A soul eater (Depths:2)
  A wretched star (Abyss:3)
  2 iron trolls
  4 skeletal warriors (Vaults:1)
  A swamp dragon (Abyss:3)
  A glowing orange brain (shapeshifter) (Elf:2)
  A salamander mystic (Snake:3)
  3 shadow wraiths
  A glowing orange brain (Depths:3)
  2 flayed ghosts
  6 sea snakes (Snake:1)
  An unseen horror (shapeshifter) (Depths:1)
  A gelid demonspawn (Depths:2)
  12 deep trolls
  6 unseen horrors
  6 naga ritualists (Snake:4)
  14 ironbrand convokers
  8 wizards
  A harpy (shapeshifter) (Depths:2)
  10 deep elf archers
  A sphinx zombie (Depths:3)
  10 orc knights
  A phantasmal warrior (Vaults:4)
  A tengu skeleton (Vaults:1)
  An orb spider (shapeshifter) (Depths:2)
  A tengu zombie (Vaults:3)
  3 necromancers
  4 wolf spiders
  41 deep elf magi
  4 orc sorcerers
  2 mana vipers
  A manticore (shapeshifter) (Vaults:3)
  4 salamanders
  11 elephants
  A manticore (D:12)
  A salamander (shapeshifter) (D:9)
  29 ugly things
  7 cyclopes
  A rust devil (Depths:2)
  Maurice (D:11)
  A guardian serpent (Snake:4)
  22 black mambas
  3 human skeletons
  10 vault sentinels
  An orange demon (Depths:2)
  5 spiny frogs
  25 naga magi
  2 gargoyles
  A torpor snail (Lair:6)
  2 freezing wraiths
  A rime drake (Lair:5)
  4 komodo dragons
  A yaktaur (shapeshifter) (Depths:2)
  A kobold demonologist (D:11)
  An efreet (D:14)
  A komodo dragon (shapeshifter) (Abyss:3)
  19 yaktaurs
  2 red devils (Depths:2)
  5 trolls
  2 queen bees (shapeshifter)
  5 hornets
  A troll (shapeshifter) (D:15)
  5 dream sheep
  20 slime creatures
  A dream sheep (shapeshifter) (Depths:2)
  A tengu simulacrum (Vaults:3)
  A hippogriff (shapeshifter) (Vaults:1)
  A raiju (Abyss:3)
  8 hippogriffs
  2 redbacks (shapeshifter)
  2 meliai zombies
  Sigmund (D:2)
  4 water elementals
  A shadow (D:9)
  2 fire elementals (Elf:2)
  A ynoxinul (Abyss:3)
  A spriggan (D:7)
  3 air elementals (Elf:1)
  6 wraiths
  3 wyverns
  A fire bat (Abyss:3)
  A steam dragon (D:13)
  An elf zombie (Depths:3)
  20 humans (D:14)
  A yak (shapeshifter) (D:14)
  3 basilisks
  A basilisk (shapeshifter) (Elf:1)
  31 yaks
  A vampire mosquito (D:8)
  A chaos spawn (Depths:2)
  2 small abominations
  A yaktaur simulacrum (Vaults:1)
  3 hungry ghosts
  An elf skeleton (Vaults:1)
  5 wargs
  A swamp worm (Lair:3)
  Edmund (D:5)
  2 acid dragons
  36 nagas
  9 soldier ants
  A soldier ant (shapeshifter) (Depths:2)
  2 hell hounds (Abyss:3)
  A deep troll skeleton (Vaults:1)
  An ogre skeleton (Vaults:1)
  18 water moccasins
  4 porcupines
  3 ice beasts
  35 orc warriors
  5 sky beasts
  An eye of draining (shapeshifter) (Vaults:1)
  A phantom (D:14)
  A black bear (shapeshifter) (Vaults:1)
  An eye of draining (Abyss:3)
  3 black bears
  40 ogres
  A tengu (shapeshifter) (Depths:2)
  A wolf (Lair:3)
  15 boggarts
  42 centaurs
  A crocodile (shapeshifter) (Depths:2)
  4 crocodiles
  2 elf simulacra (Vaults:1)
  A big kobold (shapeshifter) (D:15)
  15 bullfrogs
  A big kobold (D:14)
  2 earth elementals
  A water moccasin zombie (D:5)
  A wyvern zombie (D:11)
  4 scorpions
  An orc simulacrum (Vaults:1)
  A troll zombie (Ossuary)
  20 killer bees
  11 electric eels
  9 howler monkeys
  6 crimson imps
  2 human simulacra (Vaults:3)
  A human zombie (Ossuary)
  11 orc priests
  7 centaur zombies
  9 hounds
  4 bullfrog zombies
  A gnoll shaman (D:8)
  Crazy Yiuf (D:2)
  18 orc wizards
  4 centaur skeletons
  9 iguanas
  9 jellies
  Terence (D:2)
  23 worker ants
  2 hell rats (D:11)
  An ogre zombie (Ossuary)
  A big kobold zombie (Ossuary)
  6 mummies (Ossuary)
  15 gnolls
  19 adders
  2 howler monkey skeletons
  A river rat (D:11)
  3 shadow imps
  5 white imps
  3 ufetubi (Depths:2)
  An adder skeleton (D:7)
  6 adder zombies
  2 worms
  4 dart slugs
  7 leopard geckos
  84 orcs
  3 ball pythons
  3 giant cockroaches
  A gnoll zombie (Ossuary)
  8 goblins
  3 hobgoblins
  15 jackals
  9 kobolds
  4 quokkas
  A ball python skeleton (D:4)
  3 bats (D:1)
  4 frilled lizards
  6 goblin zombies (Ossuary)
  A hobgoblin zombie (Ossuary)
  A jackal zombie (D:7)
  3 kobold zombies (Ossuary)
  A leopard gecko skeleton (D:7)
  An orc zombie (Ossuary)
  5 quokka zombies (Ossuary)
  8 rats
  A rat zombie (Ossuary)
  A lurking horror (Abyss:3)
  3 plants (Lair:6)
1382 creatures vanquished.

Vanquished Creatures (collateral kills)
  Mara (Vaults:2)
  A bone dragon (Abyss:3)
  Nikola (Snake:1)
  Jorgrun (Snake:1)
  A deep elf blademaster (Elf:3)
  A sphinx (Depths:2)
  A nagaraja (Snake:4)
  2 frost giants
  A vault warden (Vaults:3)
  3 deep elf sorcerers (Elf:3)
  Louise (Snake:1)
  3 ironheart preservers
  2 war gargoyles
  A stone giant (Depths:1)
  3 very ugly things (Vaults:4)
  3 deep elf demonologists
  4 dire elephants (Lair:6)
  A deep elf annihilator (Elf:3)
  5 deep elf death magi
  2 vault guards (Vaults:3)
  A great orb of eyes (Depths:1)
  A deep elf high priest (Elf:3)
  2 yaktaur captains
  5 hydras
  4 anacondas
  Erolcha (D:12)
  An ice dragon (Lair:4)
  A naga warrior (Snake:4)
  A spriggan air mage (Depths:1)
  2 rakshasas
  A centaur warrior (Vaults:3)
  3 two-headed ogres
  3 death yaks (D:11)
  A deep troll earth mage (Depths:2)
  4 dancing weapons
  An ogre mage (Vaults:4)
  A shock serpent (Snake:4)
  Nergalle (Lair:2)
  A naga sharpshooter (Snake:2)
  A thrashing horror (Abyss:3)
  6 deep elf knights
  4 deep trolls
  An ironbrand convoker (Vaults:3)
  A golden dragon skeleton (Depths:3)
  A naga ritualist (Snake:1)
  An orange crystal statue (D:15)
  2 necromancers
  13 deep elf archers
  8 ugly things
  A wizard (Depths:2)
  2 orc knights
  A harpy (Vaults:1)
  A mana viper (Snake:1)
  20 deep elf magi
  6 black mambas
  2 salamanders
  A guardian serpent (Snake:4)
  5 elephants
  3 vault sentinels
  2 naga magi
  A torpor snail (Lair:5)
  2 smoke demons (Abyss:3)
  2 spiny frogs (Lair:6)
  A rime drake (Lair:3)
  A freezing wraith (Vaults:4)
  A komodo dragon (Lair:5)
  5 yaktaurs
  A sphinx simulacrum (Vaults:1)
  A dream sheep (shapeshifter) (Depths:2)
  2 bog bodies (Lair:3)
  2 hippogriffs (Lair:5)
  3 slime creatures
  5 dream sheep
  A vampire (D:12)
  A tarantella (shapeshifter) (Vaults:2)
  An air elemental (Elf:1)
  A water elemental (Elf:2)
  8 yaks
  2 fire elementals
  A chaos spawn (Abyss:3)
  A ynoxinul (Abyss:3)
  2 neqoxecs (Abyss:3)
  A swamp worm (Lair:3)
  4 nagas
  A soldier ant (shapeshifter) (Depths:1)
  A large abomination (Abyss:3)
  3 water moccasins
  4 orc warriors
  3 porcupines
  A boggart (Depths:1)
  A manticore zombie (Abyss:3)
  3 centaurs (Vaults:3)
  3 ogres
  2 wolves (Lair:3)
  An orc skeleton (Vaults:1)
  2 small abominations (Abyss:3)
  5 crocodiles
  2 bullfrogs
  6 jellies (Lair:6)
  2 hell rats (D:11)
  7 orcs
  2 fungi (Lair:3)
254 creatures vanquished.

Vanquished Creatures (others)
  An ogre mage (Vaults:3)
  A two-headed ogre (Vaults:3)
  A deep elf mage (Vaults:3)
  A naga (Snake:3)
  2 ogres (Vaults:3)
  5 fungi
  8 plants
19 creatures vanquished.

Grand Total: 1655 creatures vanquished

Notes
Turn   | Place    | Note
-------+----------+-------------------------------------------
     0 | D:1      | Htamos the Felid Berserker began the quest for the Orb.
     0 | D:1      | Reached XP level 1. HP: 10/10 MP: 2/2
   301 | D:1      | Reached XP level 2. HP: 14/14 MP: 3/3
   410 | D:1      | Reached skill level 1 in Stealth
  1012 | D:2      | Noticed Terence
  1057 | D:1      | Reached XP level 3. HP: 13/17 MP: 4/4
  1260 | D:2      | Killed Terence
  1260 | D:2      | Reached ** piety under Trog
  1328 | D:2      | Reached XP level 4. HP: 22/22 MP: 5/5
  1973 | D:2      | Reached XP level 5. HP: 25/25 MP: 6/6
  2016 | D:2      | Noticed Sigmund
  2037 | D:2      | Killed Sigmund
  2037 | D:2      | Reached skill level 5 in Fighting
  2037 | D:2      | Reached skill level 5 in Dodging
  2037 | D:2      | Gained mutation: You are covered in thick fur. (AC +2)
                  | [Felid growth]
  2037 | D:2      | Reached XP level 6. HP: 30/30 MP: 7/7
  2185 | D:2      | Found a runed translucent door.
  2186 | D:2      | Noticed Crazy Yiuf
  2309 | D:2      | Killed Crazy Yiuf
  2469 | D:3      | Found a shattered altar of Ashenzari.
  2797 | D:3      | Found a faded altar of an unknown god.
  2856 | D:3      | Reached *** piety under Trog
  3570 | D:4      | Reached XP level 7. HP: 33/33 MP: 8/8
  3734 | D:4      | Found a sand-covered staircase.
  3741 | Ossuary  | Entered an ossuary
  4005 | Ossuary  | Noticed Menkaure
  4040 | Ossuary  | Reached **** piety under Trog
  4317 | Ossuary  | Reached skill level 5 in Stealth
  5876 | D:4      | Reached skill level 5 in Unarmed Combat
  5927 | D:4      | Found Walicw Pyech's Antique Armour Shop.
  6067 | D:4      | Found a snail-covered altar of Cheibriados.
  6071 | D:4      | Found a hide-covered altar of Uskayaw.
  6073 | D:4      | Found a sparkling altar of Nemelex Xobeh.
  6073 | D:4      | Found a shadowy altar of Dithmenos.
  6073 | D:4      | Found a burning altar of Makhleb.
  6202 | D:5      | Entered Level 5 of the Dungeon
  6208 | D:5      | Noticed Edmund
  6215 | D:5      | Killed Edmund
  6215 | D:5      | Reached XP level 8. HP: 39/39 MP: 9/9
  6252 | D:5      | Found a blossoming altar of Fedhas.
  6409 | D:5      | Found a staircase to the Ecumenical Temple.
  6535 | D:5      | Reached ***** piety under Trog
  6859 | D:5      | You fall through a shaft!
  7607 | D:6      | Found an ornate altar of the Wu Jian Council.
  8002 | D:7      | Reached XP level 9. HP: 44/44 MP: 10/10
  8315 | D:7      | Found an ancient bone altar of Kikubaaqudgha.
  8416 | D:7      | Found a deep blue altar of Sif Muna.
  9745 | D:8      | Found Riostrege's Antique Armour Emporium.
  9802 | D:8      | Noticed a cyclops
  9806 | D:8      | Killed a cyclops
  9806 | D:8      | Reached XP level 10. HP: 51/51 MP: 11/11
  9821 | D:8      | Noticed a white ugly thing
  9963 | D:8      | Identified the ring of Ekupn {rC+ rN+ Str-2 Int+3 Dex+5
                  | SInv}
  9984 | D:8      | Killed a white ugly thing
  9984 | D:8      | Reached skill level 10 in Fighting
 10193 | D:8      | Got a translucent brass ring
 10200 | D:8      | Got a clouded crystal amulet
 10203 | D:8      | Got a crude platinum ring
 10204 | D:8      | Identified the ring "Nyaxarie" {rPois SInv} (You found it
                  | on level 8 of the Dungeon)
 10205 | D:8      | Identified the amulet "Qakoew" {Gourm MP+9} (You found it
                  | on level 8 of the Dungeon)
 10206 | D:8      | Identified the ring "Aleki" {rElec rF+ MR- Dex+5 Stlth+}
                  | (You found it on level 8 of the Dungeon)
 10292 | D:8      | You fall through a shaft!
 10317 | D:9      | Reached ****** piety under Trog
 10509 | D:9      | Found a runed translucent door.
 10509 | D:9      | Noticed jerry414's ghost (novice DEFE)
 11130 | D:9      | Reached skill level 10 in Dodging
 11142 | D:9      | Noticed a yaktaur captain
 11256 | D:9      | Noticed a salamander
 11268 | D:9      | Killed a salamander
 11268 | D:9      | Reached skill level 10 in Stealth
 11272 | D:9      | Slain by a yaktaur captain
 11273 | D:9      | Reached XP level 9. HP: -5/70 MP: 10/10
 11722 | D:9      | Reached XP level 10. HP: 46/51 MP: 11/11
 11977 | D:9      | Noticed an ettin
 11979 | D:9      | Demolished by an ettin
 11980 | D:9      | Reached XP level 9. HP: -14/48 MP: 10/10
 12097 | D:9      | Found a deep blue altar of Sif Muna.
 12153 | D:9      | Killed an ettin
 12201 | D:10     | Entered Level 10 of the Dungeon
 12493 | D:10     | Noticed a troll
 12502 | D:10     | Killed a troll
 12920 | D:10     | Noticed a two-headed ogre
 13055 | D:10     | Killed a two-headed ogre
 13055 | D:10     | Reached XP level 10. HP: 52/52 MP: 11/11
 13679 | D:10     | Found a staircase to the Orcish Mines.
 14041 | D:10     | Noticed an unseen horror
 14050 | D:10     | Killed an unseen horror
 14575 | D:11     | Noticed a queen ant
 14664 | D:11     | Killed a queen ant
 14664 | D:11     | Reached XP level 11. HP: 57/57 MP: 12/12
 14902 | D:11     | Found a blossoming altar of Fedhas.
 15006 | D:11     | Found Uxare's Changing Room.
 15120 | D:11     | Bought a potion of mutation for 136 gold pieces
 15120 | D:11     | Gained mutation: You are robust. (+10% HP) [potion of
                  | mutation]
 15120 | D:11     | Gained mutation: You are agile. (Dex +2) [potion of
                  | mutation]
 15120 | D:11     | Gained mutation: You expend magic power (3 MP) to
                  | strengthen your wands. [potion of mutation]
 15816 | D:11     | Noticed a death yak
 15817 | D:11     | Noticed a death yak
 15819 | D:11     | Found a staircase to the Lair.
 15819 | D:11     | Noticed a death yak
 15902 | D:11     | Killed a death yak
 16069 | D:11     | Killed a death yak
 16072 | D:11     | Killed a death yak
 16217 | D:11     | Noticed Harold
 16223 | D:11     | Killed Harold
 16253 | D:11     | Noticed Maurice
 16261 | D:11     | Killed Maurice
 16466 | D:12     | Noticed Erolcha
 16471 | D:12     | Killed Erolcha
 17097 | D:12     | Noticed a two-headed ogre
 17102 | D:12     | Killed a two-headed ogre
 17102 | D:12     | Gained mutation: Your thick and shaggy fur keeps you warm.
                  | (AC +3, rC+) [Felid growth]
 17102 | D:12     | Reached XP level 12. HP: 69/69 MP: 13/13
 17222 | D:12     | Reached skill level 10 in Unarmed Combat
 17314 | D:12     | You fall through a shaft for 3 floors!
 17314 | D:15     | Entered Level 15 of the Dungeon
 17365 | D:15     | Noticed Josephine
 17429 | D:15     | Noticed a centaur warrior
 17444 | D:15     | Killed a centaur warrior
 17723 | D:15     | Found a staircase to the Depths.
 17723 | D:15     | Noticed a fire giant
 18043 | D:15     | Noticed a two-headed ogre
 18049 | D:15     | Noticed a two-headed ogre
 18052 | D:15     | Noticed a two-headed ogre
 18066 | D:15     | Killed a two-headed ogre
 18069 | D:15     | Killed a two-headed ogre
 18071 | D:15     | Killed a two-headed ogre
 18145 | D:15     | Noticed a two-headed ogre
 18162 | D:15     | Killed a two-headed ogre
 18163 | D:15     | Noticed an ogre mage
 18175 | D:15     | Noticed a two-headed ogre
 18178 | D:15     | Killed an ogre mage
 18183 | D:15     | Killed a two-headed ogre
 18255 | D:15     | Found a runed translucent door.
 18279 | D:15     | Found a runed translucent door.
 18326 | D:15     | Found a runed translucent door.
 18567 | D:15     | Found a runed translucent door.
 18732 | D:14     | Reached XP level 13. HP: 74/74 MP: 14/14
 19327 | D:14     | Found a gate to the Vaults.
 19577 | D:14     | Found Buogus's Book Boutique.
 19971 | D:13     | You fall through a shaft!
 20012 | D:13     | Reached skill level 15 in Fighting
 20033 | D:13     | Noticed Rupert
 20038 | D:13     | Killed Rupert
 20812 | D:15     | Reached skill level 15 in Stealth
 20933 | D:15     | Killed Josephine
 21743 | Lair:1   | Entered Level 1 of the Lair of Beasts
 22473 | Lair:2   | Reached XP level 14. HP: 80/80 MP: 15/15
 22763 | Lair:2   | Noticed Nergalle
 22769 | Lair:2   | Killed Nergalle
 23341 | Lair:3   | Reached skill level 1 in Evocations
 23644 | Lair:3   | Found a staircase to the Swamp.
 24751 | Lair:4   | Found a staircase to the Snake Pit.
 25207 | Lair:5   | Reached skill level 15 in Dodging
 26625 | Lair:6   | Entered Level 6 of the Lair of Beasts
 27196 | Lair:6   | Found a staircase to the Slime Pits.
 28903 | Orc:1    | Entered Level 1 of the Orcish Mines
 29491 | Orc:1    | Reached XP level 15. HP: 86/86 MP: 19/19
 29664 | Orc:1    | Noticed Snorg
 29671 | Orc:1    | Killed Snorg
 29674 | Orc:1    | Found Fyoddib's Antique Armour Emporium.
 29686 | Orc:1    | Found a runed translucent door.
 29730 | Orc:1    | Found a runed translucent door.
 29854 | Orc:2    | Entered Level 2 of the Orcish Mines
 29854 | Orc:2    | Noticed Donald
 29861 | Orc:2    | Killed Donald
 30426 | Orc:2    | Reached skill level 5 in Evocations
 31881 | Orc:2    | Found a staircase to the Elven Halls.
 32290 | Orc:2    | Found Otun's Jewellery Boutique.
 32290 | Orc:2    | Found Jeapagg's Magic Scroll Emporium.
 32292 | Orc:2    | Found Baqavvig's Food Shoppe.
 32294 | Orc:2    | Found Vuvvais's Antique Weapon Shop.
 32308 | Orc:2    | Bought a +5 ring of slaying for 1591 gold pieces
 32621 | D:15     | Killed a fire giant
 32713 | Depths:1 | Entered Level 1 of the Depths
 33048 | Snake:1  | Entered Level 1 of the Snake Pit
 33391 | Snake:1  | Noticed Aizul
 33473 | Snake:1  | Killed Aizul
 33486 | Snake:1  | Noticed Nikola
 33486 | Snake:1  | Noticed Louise
 33492 | Snake:1  | Killed Louise
 33495 | Snake:1  | Killed Nikola
 34328 | Snake:1  | Noticed Jorgrun
 34339 | Snake:1  | Killed Jorgrun
 36011 | Snake:2  | Found Idop's Jewellery Boutique.
 36013 | Snake:2  | Found Luetuled's Weapon Shop.
 36015 | Snake:2  | Found Bosa's Magic Scroll Boutique.
 36015 | Snake:2  | Noticed Frances
 36019 | Snake:2  | Killed Frances
 36026 | Snake:2  | Bought a scroll of teleportation for 33 gold pieces
 37351 | Snake:3  | Noticed a nagaraja
 37363 | Snake:3  | Reached XP level 16. HP: 89/92 MP: 22/22
 37689 | Snake:3  | Found Zonge's Food Shop.
 38272 | Snake:3  | Found Izunolao's Antique Weapon Boutique.
 38273 | Snake:3  | Found Urchawim's Food Boutique.
 38322 | Snake:3  | Found Kaplug's Antique Weapon Emporium.
 38735 | Snake:3  | Found Veus's Weapon Emporium.
 38929 | Snake:4  | Entered Level 4 of the Snake Pit
 44876 | Snake:3  | Found Kaplug's Antique Weapon Emporium.
 44881 | Snake:3  | Found Izunolao's Antique Weapon Boutique.
 44965 | Snake:3  | Found Zonge's Food Shop.
 45007 | Snake:3  | Found Urchawim's Food Boutique.
 45100 | Snake:3  | Found Veus's Weapon Emporium.
 45440 | Snake:4  | Got a serpentine rune of Zot
 46127 | Vaults:1 | Entered Level 1 of the Vaults
 46142 | Vaults:1 | Reached XP level 17. HP: 99/99 MP: 24/24
 49860 | Vaults:2 | Noticed Mara
 49870 | Vaults:2 | Noticed Htamos's illusion
 49870 | Vaults:2 | Killed Mara
 49961 | Vaults:2 | Found Gito's Assorted Antiques.
 50013 | Vaults:2 | Bought a wand of flame (15) for 39 gold pieces
 50272 | Vaults:2 | Noticed Saint Roka
 50589 | Vaults:2 | Reached skill level 10 in Evocations
 51709 | Vaults:2 | Found Soojaic's Book Shop.
 51990 | Vaults:2 | Killed Saint Roka
 52390 | Vaults:3 | Reached XP level 18. HP: 105/105 MP: 26/26
 52890 | Vaults:2 | Paralysed by an ogre mage for 4 turns
 53943 | Vaults:3 | Found a staircase to the Crypt.
 54622 | Vaults:2 | Slain by a yaktaur captain
 54623 | Vaults:2 | Reached XP level 17. HP: -1/153 MP: 26/26
 55245 | Vaults:3 | Found Jeofan's Weapon Shop.
 55396 | Vaults:3 | Reached skill level 15 in Unarmed Combat
 56167 | Vaults:4 | Reached XP level 18. HP: 106/106 MP: 27/27
 58652 | Vaults:4 | Found Jehu's General Store.
 58776 | Vaults:4 | Bought 2 potions of haste for 280 gold pieces
 59554 | Elf:1    | Entered Level 1 of the Elven Halls
 59960 | Elf:1    | Found Olosogg's Armour Boutique.
 60999 | Elf:1    | Reached XP level 19. HP: 93/112 MP: 29/29
 61551 | Elf:2    | Found a huge runed translucent gate.
 61551 | Elf:2    | Found a huge runed translucent gate.
 61551 | Elf:2    | Found a huge runed translucent gate.
 61551 | Elf:2    | Found a huge runed translucent gate.
 61566 | Elf:2    | Found a huge runed translucent gate.
 62008 | Elf:3    | Entered Level 3 of the Elven Halls
 64089 | Elf:3    | Noticed a Brimstone Fiend
 64757 | Elf:3    | Identified the +1 ring mail of the Good {Str+3}
 65365 | Elf:3    | Cast into level 3 of the Abyss (a deep elf demonologist)
 65598 | Abyss:3  | Noticed a bone dragon
 65643 | Abyss:3  | Killed a bone dragon
 65800 | Abyss:3  | Found a transporter.
 65848 | Abyss:3  | Found a corrupted altar of Lugonu.
 65868 | Abyss:3  | Found a corrupted altar of Lugonu.
 65899 | Abyss:3  | Gained mutation: You tend to lose your temper in combat. [a
                  | neqoxec]
 66000 | Elf:3    | Escaped the Abyss
 66615 | Elf:3    | Found the +7 captain's cutlass {speed, disarm}
 66781 | Elf:3    | Identified the Reference Book on Displacement and the Blaze
 66927 | Elf:3    | Identified a scroll of acquirement
 66936 | Elf:3    | Got a translucent wooden ring
 66937 | Elf:3    | Identified the ring of Starshine {Fire rPois Int+8 Dex-3}
                  | (You found it on level 3 of the Elven Halls)
 66944 | Elf:3    | Got a transparent lapis lazuli ring
 66945 | Elf:3    | Identified the ring "Liung" {*Drain rF+ rC+ rN+++ Dex-5}
                  | (You found it on level 3 of the Elven Halls)
 67404 | Depths:1 | Noticed a lich
 67460 | Depths:1 | Killed a lich
 67495 | Depths:1 | Reached XP level 20. HP: 118/118 MP: 31/31
 67502 | Depths:1 | Paralysed by a great orb of eyes for 7 turns
 68108 | Depths:1 | Found a gateway to Hell.
 68502 | Depths:1 | Noticed a golden dragon
 68765 | Depths:1 | Killed a golden dragon
 69567 | Depths:2 | Found a one-way gate leading to the halls of Pandemonium.
 70354 | Depths:2 | Demolished by an ettin
 70355 | Depths:2 | Reached XP level 19. HP: -18/114 MP: 30/30
 70386 | Depths:2 | Lost mutation: You tend to lose your temper in combat.
                  | [potion of mutation]
 70386 | Depths:2 | Lost mutation: You are agile. (Dex +2) [potion of mutation]
 70386 | Depths:2 | Lost mutation: You expend magic power (3 MP) to strengthen
                  | your wands. [potion of mutation]
 70386 | Depths:2 | Gained mutation: Your spells are a little easier to cast,
                  | but a little less powerful. [potion of mutation]
 70386 | Depths:2 | Gained mutation: You have a pair of small horns on your
                  | head. [potion of mutation]
 70533 | Depths:2 | Gained mutation: You are dopey. (Int -2) [a cacodemon]
 70938 | Depths:2 | Noticed a Brimstone Fiend
 72706 | Depths:3 | Found a gateway to a ziggurat.
 73443 | Depths:3 | Found a runed translucent gate.
 73444 | Depths:3 | Found a runed translucent gate.
 73454 | Depths:3 | Found a one-way gate to the infinite horrors of the Abyss.
 73456 | Depths:3 | HP: 1/115 [white very ugly thing (22)]
 73457 | Depths:3 | Slain by a white very ugly thing
 73458 | Depths:3 | Reached XP level 18. HP: -3/110 MP: 29/29
 73600 | Depths:3 | Mangled by a deep troll

Skill      XL: |  1  2  3  4  5  6  7  8  9 10 11 12 13 14 15 16 17 18 19 20 |
---------------+-------------------------------------------------------------+-----
Stealth        | 1 2 3 4 5 7 11 10 12 14 15 16 17 18 19 22 21 | 22.0
Fighting       | 4 5 6 8 9 12 13 14 15 16 17 18 20 21 22 | 22.2
Dodging        | 5 6 7 9 11 12 13 14 15 16 17 18 19 20 | 20.7
Unarmed Combat | 4 5 6 8 9 10 11 12 13 15 16 | 16.7
Evocations     | 4 7 8 10 12 14 | 14.2

Action                   |  1- 3 |  4- 6 |  7- 9 | 10-12 | 13-15 | 16-18 | 19-21 || total
-------------------------+-------+-------+-------+-------+-------+-------+-------++-------
Melee: Unarmed           |    76 |   130 |   497 |   613 |   954 |  1467 |   547 ||  4284
       Bite              |     5 |    17 |    63 |   119 |   169 |   286 |   102 ||   761
       Punch             |       |     1 |    11 |    23 |    91 |   176 |    70 ||   372
       Headbutt          |       |       |       |       |       |     7 |    49 ||    56
Invok: Berserk           |     1 |     8 |    15 |    27 |    22 |    65 |    20 ||   158
       Brothers in Arms  |       |       |     1 |     3 |    40 |    39 |    33 ||   116
       Trog's Hand       |       |       |       |       |       |     2 |     5 ||     7
Evoke: Wand              |       |       |    10 |    24 |    58 |    16 |    36 ||   144
       Lamp of fire      |       |       |       |       |       |       |     1 ||     1
       Sack of spiders   |       |       |       |       |       |       |     1 ||     1
       Phantom mirror    |       |       |       |       |       |       |     1 ||     1
  Use: Scroll            |     2 |       |     6 |     5 |    17 |    11 |    11 ||    52
       Potion            |       |       |     2 |     6 |    19 |     6 |     5 ||    38
 Stab: Sleeping          |     4 |     4 |    56 |    24 |    75 |    66 |    43 ||   272
       Distracted        |       |       |     8 |     3 |    21 |    25 |    12 ||    69
       Paralysed         |       |       |     1 |       |     2 |       |       ||     3
       Invisible         |       |       |       |       |     1 |       |       ||     1
  Eat: Chunk             |     9 |    12 |    36 |    50 |    67 |    86 |    51 ||   311
       Ration            |       |       |     1 |       |       |    20 |     4 ||    25
Armor: Skin              |     8 |     4 |    17 |    11 |    21 |    14 |    11 ||    86
Dodge: Dodged            |    67 |    92 |   374 |   630 |  1023 |  1309 |   669 ||  4164
